 Dungeon Crawl Stone Soup version bcrawl-1.12-10-g10a67aac0f (webtiles) character file.

Game seed: 142736580260724009

24 Banto the Ruffian (level 2, 0/23 HPs)
             Began as a Draconian Transmuter on June 11, 2019.
             Slain by a hobgoblin
             ... wielding a +0 club
              (5 damage)
             ... on level 2 of the Dungeon.
             The game lasted 00:01:51 (621 turns).

Banto the Ruffian (Draconian Transmuter)             Turns: 621, Time: 00:01:52

Health: 0/23       AC:  4    Str: 12    XL:     2   Next: 79%
Magic:  5/5        EV: 12    Int: 13    God:
Gold:   60         SH:  0    Dex: 11    Spells: 4/5 levels left

rFire    . . .     SeeInvis .     - Unarmed
rCold    . . .     Gourm    .   (no shield)
rNeg     . . .     Faith    .   (armour unavailable)
rPois    .         Spirit   .   (helmet restricted)
rElec    .         Reflect  .   (no cloak)
rCorr    .         Harm     .   (no gloves)
MR       .....                  (no boots)
Stlth    +.........             (no amulet)
HPRegen  0.07/turn              (no ring)
MPRegen  0.09/turn              (no ring)

@: appendage (expiring)
A: unfitting armour, horns 2, cold-blooded, AC +4
a: End Transformation


You were on level 2 of the Dungeon.
You were not hungry.
You had grown temporary horns.
You visited 1 branch of the dungeon, and saw 2 of its levels.

You collected 60 gold pieces.

Inventory:

Missiles
 a - 250 arrows
 e - 138 tomahawks (quivered)
Scrolls
 f - a scroll of teleportation {unknown}
 h - a scroll of enchant weapon {unknown}
Potions
 b - a potion of haste {unknown}
 c - a potion of lignification
 g - a potion of resistance {unknown}
Comestibles
 d - a ration {!d}


   Skills:
 - Level 1.1 Fighting
 + Level 2.1 Dodging
 + Level 3.2 Unarmed Combat
 + Level 2.3 Spellcasting
 + Level 2.4 Transmutations


You had 4 spell levels left.
You knew the following spells:

 Your Spells              Type           Power        Failure   Level  Hunger
a - Beastly Appendage     Tmut           #.....       9%          1    #......

Your spell library contained the following spells:

 Spells                   Type           Power        Failure   Level  Hunger
 Sticks to Snakes         Tmut           #.......     14%         2    ###....
 Spider Form              Tmut/Pois      #.........   41%         3    ###....
 Ice Form                 Ice/Tmut       #.......     83%         4    #####..
 Blade Hands              Tmut           #.........   94%         5    ######.


Dungeon Overview and Level Annotations

Branches:
Dungeon (2/12)

Altars:


Innate Abilities, Weirdness & Mutations

Your plain brown scales are hard. (AC +4)
You cannot fit into any form of body armour.
You are cold-blooded and may be slowed by cold attacks.
You have a pair of horns on your head.


Message History

You hit the kobold.
You kill the kobold!
You see here a +3 short sword.
You hit the frilled lizard but do no damage.
Your headbutt misses the frilled lizard.
The frilled lizard closely misses you.
You closely miss the frilled lizard. You headbutt the frilled lizard.
You kill the frilled lizard!
You barely miss the frilled lizard. The frilled lizard bites you.
* * * LOW HITPOINT WARNING * * *
You miss the frilled lizard. The frilled lizard barely misses you.
You hit the frilled lizard.
You kill the frilled lizard!
Your transformation is almost over.
A hobgoblin and a dart slug come into view.
The hobgoblin shouts!
Found a scroll labeled XUZOIR ICWETZ.
You see here a scroll labeled XUZOIR ICWETZ.
The hobgoblin hits you with a +0 club.
You die...

# .# . #. .#
..##.######.##
............
###.......#
#........#
###w..##
###w..#.g## #
#...###.?@#
#####.#)###
#####
....>..<#
......###
...... .....
..... ....
....


You could see a dart slug and a hobgoblin.

Vanquished Creatures
  A dart slug (D:1)
  A leopard gecko (D:1)
  2 giant cockroaches (D:1)
  A goblin (D:1)
  A hobgoblin (D:1)
  4 kobolds
  A quokka (D:1)
  4 bats (D:1)
  3 frilled lizards
  3 rats (D:1)
21 creatures vanquished.

Notes
Turn   | Place    | Note
-------+----------+-------------------------------------------
     0 | D:1      | Banto the Draconian Transmuter began the quest for the Orb.
     0 | D:1      | Reached XP level 1. HP: 16/16 MP: 3/3
   157 | D:1      | Reached XP level 2. HP: 23/23 MP: 5/5
   621 | D:2      | Slain by a hobgoblin

Skill      XL: |  1 |
---------------+----+-----
Dodging        | 2 |  2.1
Fighting       | |  1.1
Unarmed Combat | |  3.2
Spellcasting   | |  2.3
Transmutations | |  2.4

Action                   || total
-------------------------++-------
Melee: Unarmed           ||    78
       Tailslap          ||     3
       Headbutt          ||     2
       Punch             ||     1
Throw: Tomahawk          ||    12
 Cast: Beastly Appendage ||     2
Armor: Skin              ||    18
Dodge: Dodged            ||    47
